 Dungeon Crawl Stone Soup version 0.32-a0-572-g3e1049bc92 (webtiles) character file.

Game seed: 17243061438416601425

119 MacCMillion the Slasher (level 5, 0/38 HPs)
             Began as a Coglin Gladiator on Mar 1, 2024.
             Slain by a gnoll
             ... wielding a +0 spear
              (4 damage)
             ... on level 3 of the Dungeon.
             The game lasted 00:04:02 (1976 turns).

MacCMillion the Slasher (Coglin Gladiator)          Turns: 1976, Time: 00:04:03

Health: 0/38       AC: 11    Str: 14    XL:     5   Next: 3%
Magic:  5/5        EV:  4    Int:  8    God:
Gold:   145        SH:  0    Dex: 17    Spells: 4/4 levels left

rFire   . . .        a - +0 long sword {Gustavo}
rCold   . . .        f - +0 dagger {Belanum}
rNeg    . . .        y - +0 plate armour
rPois   .            c - +0 helmet
rElec   .            v - scarf {shadows}
rCorr   .            (no gloves)
SInv    .            (no boots)
Will    .....        (amulet unavailable) Stlth
                     (ring unavailable)
HPRegen 0.26/turn    (ring unavailable)
MPRegen 0.09/turn    (no gizmo)

%: no passive effects
@: revved
A: off-hand wielding, slow wielding, warmup strikes, no jewellery
a: Invent Gizmo


You were on level 3 of the Dungeon.
You visited 1 branch of the dungeon, and saw 3 of its levels.

You collected 145 gold pieces.

Inventory:

Hand Weapons
 a - a +0 long sword (weapon) {Gustavo}
 f - a +0 dagger (offhand) {Belanum}
Missiles
 d - 3 throwing nets (quivered)
 e - a javelin
 m - 3 atropa-tipped darts
Armour
 b - a +0 leather armour
 c - a +0 helmet (worn)
 r - a +0 ring mail
 v - a scarf of shadows (worn)
 y - a +0 plate armour (worn)
Talismans
 j - a beast talisman
Wands
 q - a wand of warping (2)
 t - a wand of flame (22)
Scrolls
 g - a scroll of brand weapon {unknown}
 i - a scroll of enchant weapon {unknown}
 k - 2 scrolls of teleportation {unknown}
 l - a scroll of fear {unknown}
 n - a scroll of immolation {unknown}
 w - a scroll of identify {unknown}
 x - a scroll of enchant armour {unknown}
Potions
 h - 3 potions of ambrosia {unknown}
 o - a potion of lignification {unknown}
 p - a potion of brilliance {unknown}
 s - a potion of degeneration {unknown}
 u - a potion of curing {unknown}


   Skills:
 - Level 2.0 Fighting
 + Level 5.5 Long Blades
 - Level 1.8 Throwing
 - Level 2.7 Dodging


You had 4 spell levels left.
You didn't know any spells.
Your spell library contained the following spells:

 Spells                   Type           Power      Damage    Failure   Level
 Slow                     Hex            0%         N/A       100%        1
 Confusing Touch          Hex            0%         N/A       100%        3
 Sigil of Binding         Hex            0%         N/A       100%        3
 Vampiric Draining        Necr           0%         2d6       100%        3


Dungeon Overview and Level Annotations

Branches:
Dungeon (3/15)

Altars:

Shops:
D:1 =


Innate Abilities, Weirdness & Mutations

You can wield a second weapon in your off-hand.
It takes a long time for you to wield or remove held weapons.
Your first few attacks do less damage.
You cannot equip rings or amulets.


Message History

You miss something with your +0 long sword.
You miss something with your +0 dagger. Something hits you.
The orc hits you but does no damage.
The gnoll hits you from afar with a +0 spear.
You bump into the rock wall.
Something hits you.
The gnoll throws a stone.
The stone barely misses you.
The orc hits you from afar with a +0 trident.
You're too confused to move!
Something hits you but does no damage. The orc hits you but does no damage.
The gnoll hits you but does no damage.
You bump into the rock wall.
Something hits you but does no damage.
The gnoll throws a stone.
The stone hits you but does no damage.
The orc hits you from afar with a +0 trident.
You bump into the rock wall.
You feel less confused. Something hits you but does no damage.
The orc hits you but does no damage. The gnoll barely misses you.
Something hits you. The gnoll hits you with a +0 spear.
The orc hits you with a +0 trident.
You barely miss the gnoll with your +0 dagger.
You hit the gnoll with your +0 long sword.
You hear some strange, mumbled words.
A magic dart appears from out of thin air!
The magic dart hits you.
* * * LOW HITPOINT WARNING * * *
The orc hits you but does no damage. The gnoll hits you but does no damage.
You hit the gnoll but do no damage.
The gnoll is lightly wounded.
You barely miss the gnoll with your +0 long sword.
You hear some strange, mumbled words.
A puff of flame appears from out of thin air!
The puff of flame hits you.
* * * LOW HITPOINT WARNING * * *
The gnoll hits you with a +0 spear.
* * * LOW HITPOINT WARNING * * *
The orc hits you but does no damage.
You hit the gnoll but do no damage.
The gnoll is lightly wounded.
You hit the gnoll but do no damage. The orc hits you but does no damage.
Something completely misses you. The gnoll hits you with a +0 spear.
You die...

###################
#......##..........
#..###..).......... ##.#
####.......... #.#
#....^..... #[#
#.......... #{#
######..... #@## #.....
#####go###### #.§...
##...<.......# ####..#.
##....[................§
###.)..)..............g..†
#..........)..............
#.........................
#.........................
#.......................).


You could see a gnoll and an orc.

Vanquished Creatures
  Terence (D:2)
  2 gnolls (D:2)
  An adder (D:2)
  2 dart slugs
  A ribbon worm (D:2)
  3 orcs (D:3)
  A ball python (D:1)
  4 endoplasms
  4 giant cockroaches
  7 goblins
  4 hobgoblins
  4 jackals
  2 quokkas (D:1)
  6 bats
  7 kobolds
  3 rats
52 creatures vanquished.

Notes
Turn   | Place    | Note
-------+----------+-------------------------------------------
     0 | D:1      | MacCMillion the Coglin Gladiator began the quest for the
                  | Orb.
     0 | D:1      | Reached XP level 1. HP: 16/16 MP: 1/1
   253 | D:1      | Reached XP level 2. HP: 21/22 MP: 2/2
   382 | D:1      | Found a faded altar of an unknown god.
   426 | D:1      | Found Vomel's Jewellery Boutique.
   450 | D:1      | Reached skill level 4 in Long Blades
   566 | D:1      | Reached XP level 3. HP: 24/27 MP: 3/3
   936 | D:2      | Noticed Terence
   945 | D:2      | Killed Terence
  1077 | D:2      | Reached XP level 4. HP: 31/33 MP: 4/4
  1285 | D:2      | Reached skill level 5 in Long Blades
  1814 | D:2      | Reached XP level 5. HP: 27/38 MP: 5/5
  1976 | D:3      | Slain by a gnoll

Illustrated notes

Levels and vault maps discovered:
D:1:      elethiomel_arrival_quiet, layout_loops_ring,
          ebering_ecumenical_altar_box, serial_shops, shop
D:2:      layout_basic, minmay_misc_feat_four_crosses, uniq_terence
D:3:      layout_rooms

Skill      XL: |  1  2  3  4 |
---------------+-------------+-----
Long Blades    | 4 5 |  5.5
Fighting       | |  2.0
Throwing       | |  1.8
Dodging        | |  2.7

Action                     |  1- 3 |  4- 6 || total
---------------------------+-------+-------++-------
  Melee: Long sword        |    59 |    70 ||   129
         Dagger            |    53 |    62 ||   115
   Stab: Sleeping          |     1 |       ||     1
 Armour: Leather armour    |    23 |       ||    23
         Ring mail         |     4 |    13 ||    17
         Plate armour      |       |    90 ||    90
  Dodge: Dodged            |    25 |    31 ||    56

Table legend: (Time is in decaauts)
 A = Elapsed time spent in this place.
 B = Non-inter-level travel time spent in this place.
 C = Inter-level travel time spent in this place.
 D = Time resting spent in this place.
 E = Time spent auto-exploring this place.
 F = Levels seen in this place.
 G = Mean time per level.
                   A        B        C        D        E       F      G
               +--------+--------+--------+--------+--------+-----+--------+
         Total |   1981 |   1903 |     78 |    469 |    960 |   3 |  660.3 |
       Dungeon |   1981 |   1903 |     78 |    469 |    960 |   3 |  660.3 |
               +--------+--------+--------+--------+--------+-----+--------+

Top non-repeatable levels by time:
     D:2: 921 daAuts
     D:1: 914 daAuts
     D:3: 145 daAuts
